details: '1tomato_ketchup rematch'

« prev index next »

General information

Mini Map

Players

team 1
HumanBEAR_AND (red | 135 APM | 1328 actions | 09:50)
Hero icon 2 Archmage
Ability icon 1 Summon Water Elemental
Ability icon 1 Brilliance Aura

» actions
Assign group hotkey22
Build / train47
Enter build submenu28
Enter hero's abilities submenu2
Right click826
Select / deselect178
Select group hotkey177
Use ability48
1328 total
» units
Peasant15
Footman10
25 total
» upgrades
Defend1
Masonry1
2 total
» buildings
Altar of Kings1
Farm3
Barracks1
Lumber Mill1
Scout Tower17
Guard Tower13
Arcane Vault1
Town Hall1
38 total
» build order
00:07 Altar of Kings
00:18 Farm
00:34 Barracks
00:46 Farm
01:33 Farm
01:50 Lumber Mill
03:14 Scout Tower
03:14 Scout Tower
03:15 Scout Tower
03:15 Scout Tower
03:21 Scout Tower
03:42 Guard Tower
03:42 Guard Tower
03:48 Guard Tower
03:51 Guard Tower
04:47 Scout Tower
04:47 Scout Tower
04:48 Scout Tower
04:49 Scout Tower
05:21 Guard Tower
05:22 Guard Tower
05:23 Guard Tower
05:40 Arcane Vault
05:59 Town Hall
06:53 Guard Tower
07:20 Scout Tower
07:21 Scout Tower
07:22 Scout Tower
07:22 Scout Tower
07:54 Guard Tower
07:57 Guard Tower
07:58 Guard Tower
07:59 Scout Tower
08:00 Scout Tower
08:18 Guard Tower
08:32 Guard Tower
09:30 Scout Tower
09:30 Scout Tower
» items
Scroll of Regeneration1
Lesser Clarity Potion2
3 total
team 2
NightElf1tomato_ketchup (purple | 135 APM | 1327 actions | 09:48)
Hero icon 2 Demon Hunter
Ability icon 1 Mana Burn
Ability icon 1 Evasion

» actions
Assign group hotkey4
Basic commands41
Build / train32
ESC pressed5
Enter build submenu23
Enter hero's abilities submenu2
Remove unit from queue5
Right click806
Select / deselect180
Select group hotkey102
Use ability127
1327 total
» units
Wisp20
Archer2
22 total
» buildings
Altar of Elders1
Ancient of War2
Moon Well15
Hunter's Hall1
Ancient Protector1
20 total
» build order
00:05 Altar of Elders
00:20 Ancient of War
00:25 Moon Well
02:07 Moon Well
02:38 Hunter's Hall
03:49 Moon Well
04:05 Moon Well
05:05 Ancient of War
06:17 Ancient Protector
06:42 Moon Well
06:44 Moon Well
06:46 Moon Well
06:47 Moon Well
07:22 Moon Well
07:28 Moon Well
07:57 Moon Well
08:39 Moon Well
08:47 Moon Well
08:58 Moon Well
09:27 Moon Well